 Dungeon Crawl Stone Soup version 0.18-a0-1171-ga8e22e7 (webtiles) character file.

1166 Minkie the Basher (level 8, -6/80 HPs)
             Began as an Ogre Hunter on Jan 26, 2016.
             Was a Follower of the Shining One.
             Mangled by a slime creature (9 damage)
             ... on level 6 of the Dungeon.
             The game lasted 00:24:59 (8690 turns).

Minkie the Basher (Ogre Hunter)                     Turns: 8690, Time: 00:24:59

Health: -6/80      AC:  3    Str: 18    XL:     8   Next: 40%
Magic:  8/8        EV: 11    Int: 12    God:    the Shining One [*.....]
Gold:   282        SH:  0    Dex: 10    Spells: 0 memorised, 7 levels left

rFire  . . .     SeeInvis +     A - +0 flail
rCold  . . .     Gourm    .     b - +0 robe
rNeg   . . .     Faith    .     (no shield)
rPois  .         Spirit   .     (helmet restricted)
rElec  .         Dismiss  .     (no cloak)
rCorr  .         Reflect  .     (gloves unavailable)
SustAt .         Harm     .     (boots unavailable)
MR     .....     Rnd*Tele +     (no amulet)
Stlth  +.........               G - ring of teleportation (curse)
                                h - ring of see invisible

@: glowing, not resistant to hostile enchantments, very unstealthy
A: unfitting armour, tough skin 1
a: Renounce Religion


You were on level 6 of the Dungeon.
You worshipped the Shining One.
The Shining One was aware of your devotion.
You were not hungry.

You visited 2 branches of the dungeon, and saw 8 of its levels.

You collected 326 gold pieces.
You spent 44 gold pieces at shops.

Inventory:

Hand Weapons
 A - a +0 flail (weapon)
Missiles
 c - 3 large rocks (quivered)
 d - 3 throwing nets
 l - 35 bolts
 o - 7 javelins
 u - 75 arrows
Armour
 b - a +0 robe (worn)
Jewellery
 h - a ring of see invisible (left hand)
 G - a cursed ring of teleportation (right hand)
Scrolls
 a - 2 scrolls of enchant weapon {unknown}
 e - 4 scrolls of identify {unknown}
 k - 2 scrolls of teleportation {unknown}
 m - 4 scrolls of magic mapping {unknown}
 n - 2 scrolls of immolation {unknown}
 p - a scroll of random uselessness {unknown}
 r - a scroll of remove curse {unknown}
 s - a scroll of enchant armour {unknown}
 y - a scroll of fear {unknown}
 z - a scroll of noise {unknown}
 H - a scroll of amnesia {unknown}
Potions
 f - a potion of flight {unknown}
 i - a potion of heal wounds {unknown}
 q - a potion of haste {unknown}
 t - 2 potions of agility
 w - a potion of mutation {unknown}
 B - a potion of brilliance {unknown}
 F - 3 potions of curing
Comestibles
 g - 3 fruits
 j - a meat ration
 v - 2 royal jellies
 x - 2 bread rations
 C - 9 chunks of flesh
 D - a slice of pizza
 E - a beef jerky


   Skills:
 - Level 5.0 Fighting
 * Level 9.6 Maces & Flails
 - Level 4.0 Throwing
 + Level 5.1 Dodging
 - Level 0.7 Stealth


You had 7 spell levels left.
You didn't know any spells.

Dungeon Overview and Level Annotations

Branches:
Dungeon (7/15)             Temple (1/1) D:4

Altars:
Ashenzari
Cheibriados
Gozag
Kikubaaqudgha
Okawaru
Pakellas
Sif Muna
Trog
Xom
Yredelemnul
The Shining One

Shops:
D:6 !


Innate Abilities, Weirdness & Mutations

You are too large for most types of armour.
You have tough skin (AC +1).


Message History

The large slime creature hits you!
* * * LOW HITPOINT WARNING * * *
Some of the chunks of flesh in your inventory have rotted away.
You see here a jackal skeleton.
There is an escape hatch in the ceiling here.
A large slime creature splits.
A mysterious force pulls you upwards. The hatch slams shut behind you.
An adder comes into view.
Throwing (i - inventory. (,) - cycle):
c - 4 large rocks (quivered)
Press: ? - help, Shift-Dir - straight line, f - slime creature
Aim: a slime creature (haloed)
You throw a large rock.
The large rock hits the slime creature but does no damage.
The slime creature hits you!
* * * LOW HITPOINT WARNING * * *
The slime creature hits you!
* * * LOW HITPOINT WARNING * * *
Unknown command.
The slime creature hits you!
You die...

#.#+##.....#...#####!'∩'.#..#.#
#....#.....#.### ###'####.#.#
#....#.....#.########..####...#
##...'.......##.....S....###..#
#...##########..........###..#
#...# #......#..............>#
#...###).....#................
#...................###.......
#............@J.....###.......
#.............J...............
#....................###......
#####....##...........##......
#....##............'......
#....##...........##......
#....##...........##......
#....##########+#.##......
#....# #...##......


You could see 2 slime creatures and an adder.

Vanquished Creatures
  An ice beast (D:5)
  A phantom (D:4)
  2 giant frogs (D:7)
  A scorpion (D:5)
  A crimson imp (D:5)
  An orc priest (D:5)
  A centaur zombie (D:7)
  3 jellies
  A centaur skeleton (D:4)
  2 hounds (D:5)
  An iguana (D:4)
  3 orc wizards
  4 worker ants
  2 hound skeletons
  3 gnolls (D:6)
  12 adders
  An ooze (D:1)
  2 adder skeletons
  5 worms
  5 giant geckos
  20 orcs
  A ball python (D:2)
  5 giant cockroaches
  10 goblins
  3 hobgoblins
  22 jackals
  4 quokkas
  8 bats
  A giant gecko skeleton (D:4)
  4 giant newts
  11 kobolds
  A quokka zombie (D:5)
  6 rats
148 creatures vanquished.

Notes
Turn   | Place    | Note
--------------------------------------------------------------
     0 | D:1      | Minkie the Ogre Hunter began the quest for the Orb.
     0 | D:1      | Reached XP level 1. HP: 22/22 MP: 1/1
   114 | D:1      | Reached XP level 2. HP: 22/31 MP: 2/2
   523 | D:1      | Reached XP level 3. HP: 29/39 MP: 3/3
   940 | D:1      | Reached skill level 1 in Maces & Flails
  1571 | D:2      | Reached XP level 4. HP: 47/49 MP: 4/4
  2731 | D:2      | Reached XP level 5. HP: 52/55 MP: 5/5
  3176 | D:3      | Reached skill level 5 in Fighting
  3259 | D:3      | Reached XP level 6. HP: 54/66 MP: 6/6
  3811 | D:4      | Reached skill level 5 in Maces & Flails
  4420 | D:4      | Noticed a phantom
  4431 | D:4      | Killed a phantom
  4473 | D:4      | Reached skill level 6 in Maces & Flails
  4769 | D:4      | Found a staircase to the Ecumenical Temple.
  4781 | Temple   | Entered the Ecumenical Temple
  4890 | Temple   | Became a worshipper of the Shining One
  4992 | D:4      | Reached XP level 7. HP: 33/72 MP: 7/7
  5671 | D:5      | Entered Level 5 of the Dungeon
  5935 | D:5      | Reached skill level 7 in Maces & Flails
  6691 | D:5      | Reached skill level 8 in Maces & Flails
  6773 | D:5      | HP: 3/72 [ice beast (5)]
  6774 | D:5      | Reached XP level 8. HP: 3/80 MP: 8/8
  7275 | D:5      | Found an ancient bone altar of Kikubaaqudgha.
  7279 | D:5      | Found an opulent altar of Gozag.
  7706 | D:6      | Found Desatrast's Distillery.
  7709 | D:6      | Bought a potion of curing for 33 gold pieces
  7709 | D:6      | Bought a potion of poison for 11 gold pieces
  8446 | D:7      | Reached skill level 9 in Maces & Flails
  8461 | D:7      | Reached skill level 5 in Dodging
  8587 | D:7      | Reached * piety under the Shining One
  8651 | D:7      | Noticed a slime creature
  8651 | D:7      | Noticed a slime creature
  8689 | D:6      | HP: 3/80 [slime creature (17)]
  8690 | D:6      | Mangled by a slime creature

Vault maps used:
D:1:      dpeg_arrival_rooms_b, minivault_4
D:4:      serial_bayou_lagoon_b
D:5:      grunt_temple_overflow_open, first_bread, grunt_ministairs_6,
          dk_rats_in_the_wall
D:6:      serial_shops, nicolae_shop_behind_doors, feat_on_display
Temple:   oiseaux_autumnal_temple_12

Action                   |  1- 3 |  4- 6 |  7- 9 || total
-------------------------+-------+-------+-------++-------
Melee: Short sword       |    52 |       |       ||    52
       Whip              |   114 |   320 |   165 ||   599
       Flail             |       |       |   156 ||   156
Throw: Large rock        |     6 |    18 |    10 ||    34
  Use: Potion            |       |     2 |     1 ||     3
 Stab: Sleeping          |     1 |     2 |     1 ||     4
  Eat: Chunk             |     2 |     7 |     8 ||    17
       Bread ration      |       |     1 |     1 ||     2
